Map: Submarine LE

Players

Ziggy

  • Race: Terran Terran
  • Spawn Location: 11:00

Reynor - Winner!

  • Race: Zerg Zerg
  • League: Master
  • Spawn Location: 5:00

Event: DreamHack SC2 Masters 2020 Winter

VOD

Have the link to the VOD?

Description

Time

  • Played on: Oct. 27, 2020, 11:10 a.m.
  • Length: 9:06

All games in this series

Show
View Real Time Build Order
Export as new Build Order

Ziggy Terran 

Build Orders:  

Get SALT Encoding   

  12  0:00  SCV  
  13  0:12  SCV  
  14  0:17  Supply Depot  
  14  0:24  SCV  
  15  0:39  SCV  
  15  0:41  Barracks  
  16  0:44  Refinery  
  16  0:51  SCV  
  17  0:59  Barracks  
  17  1:03  SCV  
  18  1:15  SCV  
  19  1:28  Orbital Command, Reaper  
  20  1:34  Barracks  
  20  1:41  Refinery  
  20  1:46  Reaper  
  21  1:51  Supply Depot  
  21  1:55  SCV  
  22  2:04  Reaper  
  23  2:13  SCV  
  24  2:18  Reaper  
  25  2:23  Reaper  
  26  2:36  Reaper  
  27  2:38  Command Center  
  27  2:47  Supply Depot  
  27  2:49  SCV  
  27  2:50  Reaper  
  29  2:55  Reaper  
  30  3:01  SCV  
  31  3:09  Reaper  
  32  3:13  SCV  
  32  3:22  Reaper  
  32  3:25  SCV  
  34  3:27  Reaper  
  35  3:37  SCV  
  35  3:38  Command Center  
  35  3:41  Reaper  
  36  3:49  SCV  
  36  3:54  Factory  
  37  3:57  Orbital Command  
  37  4:01  Reaper  
  37  4:02  SCV  
  39  4:05  Reaper  
  40  4:10  Refinery  
  40  4:14  SCV  
  41  4:23  SCV  
  42  4:26  SCV  
  42  4:31  Marine  
  43  4:33  Marine  
  43  4:35  SCV  
  43  4:37  Barracks Tech Lab  
  43  4:38  SCV  
  47  4:40  Engineering Bay  
  47  4:47  SCV  
  47  4:48  Engineering Bay  
  47  4:50  SCV  
  47  4:52  Orbital Command  
  49  4:57  Stimpack  
  49  4:59  SCV  
  50  5:02  SCV  
  50  5:06  Terran Infantry Weapons Level 1  
  51  5:09  Factory Tech Lab  
  51  5:11  SCV  
  52  5:14  SCV  
  52  5:16  Terran Infantry Armor Level 1  
  53  5:22  SCV  
  53  5:26  SCV  
  53  5:27  SCV  
  53  5:28  Barracks Reactor x2  
  56  5:32  Barracks  
  56  5:35  Missile Turret  
  56  5:40  Missile Turret x2  
  57  5:42  SCV  
  57  5:45  Missile Turret  
  57  5:48  SCV  
  59  5:50  SCV  
  59  5:56  Starport  
  59  5:58  Marine  
  59  6:02  Siege Tank  
  59  6:03  SCV  
  65  6:04  SCV  
  65  6:05  SCV  
  65  6:08  Marine x2  
  68  6:18  SCV  
  67  6:19  Marine x2  
  67  6:20  Barracks Reactor  
  69  6:28  Supply Depot  
  69  6:29  Supply Depot  
  69  6:31  SCV  
  69  6:32  Marine  
  69  6:35  Marine x2  
  69  6:36  Siege Tank  
  66  6:43  Marine x2  
  66  6:44  Combat Shield, Missile Turret  
  68  6:48  Armory  
  68  6:49  SCV  
  68  6:50  Marine  
  68  6:53  Marine x2  
  72  6:55  SCV  
  72  6:57  SCV  
  72  7:01  Marine, SCV  
  74  7:02  Missile Turret  
  74  7:07  SCV, Barracks Reactor  
  77  7:09  SCV, Supply Depot, Medivac  
  77  7:12  Medivac  
  82  7:16  SCV  
  82  7:17  Marine x2  
  82  7:21  Missile Turret  
  85  7:30  SCV x3, Siege Tank, Supply Depot  
  85  7:32  Marine x2, Refinery  
  85  7:36  Marine  
  94  7:45  Marine  
  94  7:46  Marine  
  94  7:49  Marine x2  
  98  7:55  Orbital Command  
  98  7:56  SCV x2  
  98  7:57  Marine x2  
  102  8:02  Barracks  
  102  8:03  Barracks  
  102  8:04  Missile Turret  
  102  8:08  SCV  
  102  8:09  Marine x4  
  107  8:18  SCV  
  108  8:20  SCV  
  107  8:27  Marine x3, Siege Tank  
  107  8:28  Marine  
  94  8:34  Marine  
  94  8:35  Medivac x2, Marine  
  94  8:36  Marine, Orbital Command  
  83  8:45  Marine x4, SCV x2  
  83  8:46  Supply Depot  
  83  8:47  Supply Depot  
Show
View Real Time Build Order
Export as new Build Order

Reynor Zerg - Winner!

Build Orders: Pool First, Muta Ling Bane 

Get SALT Encoding   

  12  0:00  Drone  
  13  0:12  Overlord  
  13  0:16  Drone  
  14  0:30  Drone x2  
  14  0:33  Drone  
  17  0:44  Extractor  
  17  0:45  Drone  
  17  0:48  Spawning Pool  
  16  0:55  Drone  
  17  1:06  Drone  
  18  1:20  Hatchery  
  18  1:25  Drone  
  18  1:34  Queen  
  18  1:36  Zergling x2  
  21  1:43  Metabolic Boost  
  21  1:49  Overlord  
  21  1:53  Zergling x2  
  22  2:08  Drone  
  23  2:10  Drone, Queen  
  26  2:21  Zergling x2  
  27  2:31  Queen  
  27  2:32  Zergling x2  
  27  2:33  Zergling x2  
  31  2:42  Overlord  
  31  2:44  Zergling x4  
  31  2:45  Drone  
  31  2:46  Drone  
  35  2:55  Zergling x2  
  36  3:01  Drone  
  37  3:06  Drone  
  37  3:11  Drone  
  37  3:15  Drone, Queen  
  37  3:19  Zergling x6  
  42  3:22  Zergling x2  
  42  3:26  Overlord  
  43  3:46  Drone x5  
  43  3:47  Drone  
  43  3:48  Lair  
  49  3:49  Drone  
  49  3:51  Extractor  
  49  3:55  Drone x2  
  51  3:58  Overlord  
  51  4:12  Overlord  
  51  4:17  Drone x3  
  53  4:18  Drone  
  53  4:22  Drone x2  
  57  4:24  Drone x2  
  57  4:26  Extractor  
  57  4:27  Extractor, Zergling x4  
  59  4:31  Zergling x2  
  59  4:32  Zergling x2  
  59  4:37  Drone  
  62  4:45  Drone  
  63  4:46  Drone  
  63  4:47  Spire  
  63  4:53  Overlord  
  63  4:54  Zergling x6  
  63  4:56  Drone  
  67  5:02  Overlord  
  67  5:08  Overlord  
  67  5:12  Drone x2  
  69  5:15  Drone x2  
  71  5:38  Hatchery  
  71  5:39  Overlord  
  70  5:50  Drone  
  71  5:59  Mutalisk x8  
  71  6:00  Drone  
  88  6:07  Overlord  
  88  6:15  Drone x4  
  89  6:18  Drone  
  89  6:20  Zerg Flyer Weapons Level 1  
  89  6:21  Evolution Chamber  
  89  6:22  Evolution Chamber  
  88  6:26  Drone  
  88  6:28  Queen  
  91  6:36  Drone  
  91  6:37  Drone x3  
  91  6:39  Drone  
  96  6:42  Mutalisk, Baneling Nest  
  97  6:50  Mutalisk, Overlord  
  97  6:51  Mutalisk x2  
  97  6:52  Drone  
  104  7:00  Extractor, Overlord  
  103  7:01  Extractor  
  103  7:02  Drone x2  
  103  7:07  Zerg Ground Armor Level 1  
  102  7:11  Drone x3  
  102  7:12  Drone x2  
  102  7:15  Mutalisk  
  107  7:18  Drone  
  107  7:19  Drone, Overlord  
  111  7:26  Zergling x4  
  111  7:28  Zergling x2, Centrifical Hooks  
  114  7:34  Drone  
  115  7:38  Mutalisk  
  115  7:43  Overlord  
  117  7:46  Zergling x12  
  117  7:50  Hatchery  
  122  7:52  Mutalisk  
  124  7:59  Overlord  
  124  8:01  Mutalisk x3  
  130  8:06  Zergling x6  
  133  8:15  Overlord  
  133  8:21  Overlord  
  133  8:30  Mutalisk x4  
  133  8:33  Zergling x16  
  122  8:44  Zergling x6  
  122  8:47  Zergling x2  
Tags
 
Add a new tag
Caveats
  • Supply blocks, unpowered buildings, or Contaminate may cause inaccurate times.
  • Supply counts are checked every 10 seconds.